 Dungeon Crawl Stone Soup version 0.24.0-13-gcf9b3192b9 (webtiles) character file.

Game seed: 6977101408598561302, levelgen mode: deterministic

186 Matador8 the Firebug (level 5, 0/38 HPs)
             Began as a Draconian Fire Elementalist on Nov 8, 2019.
             Slain by an orc priest
             ... wielding a +1 long sword of flaming
              (2 damage)
             ... on level 3 of the Dungeon.
             The game lasted 00:13:25 (3368 turns).

Matador8 the Firebug (Draconian Fire Elementalist)  Turns: 3368, Time: 00:13:25

Health: 0/38       AC:  5    Str: 10    XL:     5   Next: 38%
Magic:  1/10       EV: 12    Int: 17    God:
Gold:   49         SH:  0    Dex: 11    Spells: 4/10 levels left

rFire    . . .     SeeInvis .   d - +0 whip
rCold    . . .     Gourm    .   (no shield)
rNeg     . . .     Faith    .   (armour unavailable)
rPois    .         Spirit   .   (helmet restricted)
rElec    .         Reflect  .   (no cloak)
rCorr    .         Harm     .   (no gloves)
MR       .....                  (no boots)
Stlth    ++........             (no amulet)
HPRegen  0.12/turn              (no ring)
MPRegen  0.12/turn              (no ring)

@: no status effects
A: unfitting armour, cold-blooded, AC +5
a: no special abilities


You were on level 3 of the Dungeon.
You were not hungry.

You visited 1 branch of the dungeon, and saw 3 of its levels.

You collected 49 gold pieces.

Inventory:

Hand Weapons
 d - a +0 whip (weapon)
Jewellery
 l - an uncursed ring of positive energy {unknown}
Scrolls
 a - a scroll of identify {unknown}
 f - 2 scrolls of remove curse {unknown}
 i - 2 scrolls of magic mapping {unknown}
 k - a scroll of immolation {unknown}
 n - a scroll of amnesia {unknown}
 o - a scroll of teleportation {unknown}
Potions
 c - a potion of degeneration {unknown}
 e - a potion of curing
 h - a potion of cancellation {unknown}
 j - a potion of mutation {unknown}
 m - a potion of agility {unknown}
Comestibles
 b - 6 rations
 g - a chunk of flesh


   Skills:
 - Level 1.7 Dodging
 - Level 1.7 Stealth
 + Level 3.4 Spellcasting
 + Level 3.0 Conjurations
 + Level 4.2 Fire Magic


You had 4 spell levels left.
You knew the following spells:

 Your Spells              Type           Power        Failure   Level  Hunger
a - Flame Tongue          Conj/Fire      ###..        3%          1    None
b - Throw Flame           Conj/Fire      ###...       5%          2    ##.....
c - Conjure Flame         Conj/Fire      ###.....     11%         3    ###....

Your spell library contained the following spells:

 Spells                   Type           Power        Failure   Level  Hunger
 Inner Flame              Hex/Fire       ##......     21%         3    ###....
 Sticky Flame             Conj/Fire      ###.....     36%         4    ####...
 Fireball                 Conj/Fire      ###.......   71%         5    ######.


Dungeon Overview and Level Annotations

Branches:
Dungeon (3/15)

Altars:
Fedhas
Xom
Zin

Shops:
D:3 *


Innate Abilities, Weirdness & Mutations

Your plain brown scales are hard. (AC +5)
You cannot fit into any form of body armour.
You are cold-blooded and may be slowed by cold attacks.


Message History

Aim: an orc priest, wielding a +1 long sword of flaming and wearing a +2 robe of fire resistance (almost dead)
The flame tongue hits the orc priest but does no damage.
The orc priest is almost dead.
The orc priest hits you with a +1 long sword of flaming.
* * * LOW HITPOINT WARNING * * *
The orc priest burns you.
* * * LOW HITPOINT WARNING * * *
Casting: Flame Tongue (safe; 3% risk of failure)
Confirm with . or Enter, or press ? or * to list all spells.
Aiming: Flame Tongue (safe; 3% risk of failure)
Press: ? - help, Shift-Dir - straight line, f/p - orc priest
Aim: an orc priest, wielding a +1 long sword of flaming and wearing a +2 robe of fire resistance (almost dead)
The flame tongue hits the orc priest but does no damage.
The orc priest is almost dead.
The orc priest barely misses you.
You feel better.
The orc priest hits you with a +1 long sword of flaming.
* * * LOW HITPOINT WARNING * * *
The orc priest burns you.
You die...

......oo.o.##.#.#.#.#
##########.##.#.#.#.#
#.##.#...#.#
#....#...#.#
#..#.....#.#
#.###......#
#.#⌠_..∩...#
#.###......#
#..#...@o#.#
#........#.#
#.##.....#.# #
###.###.# ... .# ##.#
#.# #.


You could see an orc priest.

Vanquished Creatures
  An orc priest (D:3)
  2 orc wizards
  3 adders
  3 worms (D:2)
  2 dart slugs (D:1)
  A leopard gecko (D:3)
  6 orcs
  4 giant cockroaches
  7 goblins
  6 hobgoblins
  A quokka (D:2)
  A ball python (D:3)
  8 bats
  5 frilled lizards
  4 kobolds
  9 rats
63 creatures vanquished.

Notes
Turn   | Place    | Note
-------+----------+-------------------------------------------
     0 | D:1      | Matador8 the Draconian Fire Elementalist began the quest
                  | for the Orb.
     0 | D:1      | Reached XP level 1. HP: 14/14 MP: 3/3
   352 | D:1      | Reached XP level 2. HP: 20/20 MP: 3/5
   787 | D:2      | Reached XP level 3. HP: 22/26 MP: 0/6
   836 | D:2      | Learned a level 2 spell: Throw Flame
   840 | D:2      | Learned a level 3 spell: Conjure Flame
  1241 | D:2      | Found a blossoming altar of Fedhas.
  1848 | D:2      | Reached XP level 4. HP: 7/33 MP: 0/8
  2223 | D:3      | Reached skill level 4 in Fire Magic
  2476 | D:3      | Reached XP level 5. HP: 36/38 MP: 5/9
  2793 | D:3      | Found Zin's Purification Station.
  2793 | D:3      | Found a glowing silver altar of Zin.
  2866 | D:3      | Found a shimmering altar of Xom.
  3368 | D:3      | Slain by an orc priest

Levels and vault maps discovered:
D:1:      ncdulo_smallfort, layout_basic
D:2:      layout_rooms, fedhas_ov_isle_minmay
D:3:      layout_basic, zin_purify, minmay_misc_feat_secret_circle,
          kennysheep_flooded_box, xom_teletrap_fun

Skill      XL: |  1  2  3  4  5 |
---------------+----------------+-----
Conjurations   | 2 3 |  3.0
Spellcasting   | 3 |  3.4
Fire Magic     | 4 |  4.2
Dodging        | |  1.7
Stealth        | |  1.7

Action                   |  1- 3 |  4- 6 || total
-------------------------+-------+-------++-------
Melee: Whip              |    11 |    14 ||    25
       Tailslap          |     1 |       ||     1
 Cast: Flame Tongue      |    79 |    50 ||   129
       Throw Flame       |       |     2 ||     2
  Use: Potion            |       |     3 ||     3
  Eat: Chunk             |     3 |     2 ||     5
       Ration            |       |     1 ||     1
Armor: Skin              |    15 |    12 ||    27
Dodge: Dodged            |    25 |    28 ||    53
